 Dungeon Crawl Stone Soup version 0.29-a0-330-g52719c12eb (webtiles) character file.

Game seed: 14938326316225312535

104 Crownlay the Shooter (level 4, -5/23 HPs)
             Began as a Spriggan Hunter on May 13, 2022.
             Killed from afar by an orc wizard (9 damage)
             ... with a puff of flame
             ... on level 3 of the Dungeon.
             The game lasted 00:03:27 (2024 turns).

Crownlay the Shooter (Spriggan Hunter)              Turns: 2024, Time: 00:03:27

Health: -5/23      AC:  2    Str:  7    XL:     4   Next: 52%
Magic:  5/5        EV: 19    Int: 10    God:
Gold:   194        SH:  0    Dex: 20    Spells: 3/3 levels left

rFire   . . .      SeeInvis +   a - +1 shortbow
rCold   . . .      Faith    .   (shield currently unavailable)
rNeg    . . .      Spirit   .   b - +0 robe
rPois   .          Reflect  .   (helmet restricted)
rElec   .          Harm     .   (no cloak)
rCorr   .          Rampage  .   (gloves unavailable)
Will    .....                   (boots unavailable)
Stlth   +++.......              q - amulet of regeneration
HPRegen 0.87/turn               h - ring of flight
MPRegen 0.09/turn               n - +4 ring of slaying

@: flying, very quick
A: very small, no large weapons, unfitting armour, see invisible, speed 3
a: no special abilities


You were on level 3 of the Dungeon.
You visited 1 branch of the dungeon, and saw 4 of its levels.

You collected 194 gold pieces.

Inventory:

Hand Weapons
 a - a +1 shortbow (weapon)
Armour
 b - a +0 robe (worn)
Jewellery
 h - a ring of flight (left hand)
 m - a ring of protection from fire
 n - a +4 ring of slaying (right hand)
 o - a ring of fire
 q - an amulet of regeneration (around neck)
Scrolls
 c - a scroll of immolation
 d - 2 scrolls of teleportation
 i - a scroll of identify {unknown}
 j - 2 scrolls of vulnerability {unknown}
 r - a scroll of fog {unknown}
 s - a scroll of enchant armour {unknown}
Potions
 e - a potion of brilliance {unknown}
 f - a potion of cancellation
 g - 2 potions of mutation {unknown}
 k - a potion of ambrosia {unknown}
 l - a potion of magic {unknown}
 p - a potion of haste {unknown}


   Skills:
 + Level 2.2 Fighting
 * Level 5.8 Bows
 + Level 3.7 Dodging
 + Level 3.4 Stealth


You had 3 spell levels left.
You didn't know any spells.
Your spell library contained the following spells:

 Spells                   Type           Power      Damage    Failure   Level
 Magic Dart               Conj           0%         1d3       36%         1
 Blink                    Tloc           0%         N/A       50%         2
 Searing Ray              Conj           0%         2d4       50%         2
 Conjure Flame            Conj/Fire      0%         6-21      75%         3
 Ignite Poison            Fire/Tmut/Pois 0%         N/A       75%         3
 Lesser Beckoning         Tloc           0%         N/A       75%         3
 Portal Projectile        Hex/Tloc       0%         N/A       75%         3
 Fulminant Prism          Conj/Hex       0%         3d6       98%         4
 Hailstorm                Conj/Ice       0%         3d3       98%         4
 Ice Form                 Ice/Tmut       0%         N/A       98%         4
 Sticky Flame             Conj/Fire      0%         2d3       98%         4
 Blade Hands              Tmut           0%         N/A       100%        5
 Excruciating Wounds      Necr           0%         N/A       100%        5
 Manifold Assault         Tloc           0%         N/A       100%        5
 Simulacrum               Ice/Necr       0%         N/A       100%        6


Dungeon Overview and Level Annotations

Branches:
Dungeon (4/15)
 Temple: D:4-7

Altars:
Kikubaaqudgha
Qazlal


Innate Abilities, Weirdness & Mutations

You are very small and have problems with some larger weapons.
You are too small for most types of armour.
You have supernaturally acute eyesight. (SInv)
You cover ground extremely quickly. (Speed+++)


Message History

Found a stone staircase leading up.
There is a stone staircase leading up here.
You shoot an arrow.
The arrow closely misses the orc wizard.
The arrow hits the orc!
You kill the orc!
The orc wizard completely misses you.
You shoot an arrow. The arrow hits the orc wizard.
The orc wizard is heavily wounded.
The orc wizard barely misses you.
The orc wizard points at you and mumbles some strange words.
The puff of flame hits you!
Ouch! That really hurt!
You are too injured to fight recklessly!
You are too injured to fight recklessly!
The orc wizard gestures at you while chanting.
You are confused.
The orc wizard gestures at you while chanting.
The puff of flame hits you!
* * * LOW HITPOINT WARNING * * *
You fly upwards.
There is a stone staircase leading down here.
You shoot an arrow. The orc wizard misses you.
The orc wizard hits you but does no damage.
Unknown command.
You shoot an arrow. The arrow hits the orc wizard.
The orc wizard is lightly wounded.
The orc wizard casts a spell at you.
You easily resist.
The orc wizard hits you with a +0 dagger.
* * * LOW HITPOINT WARNING * * *
It was a potion of cancellation.
Your magical effects are unravelling.
You feel magically purged.
You feel less confused.
The orc wizard hits you with a +0 dagger.
* * * LOW HITPOINT WARNING * * *
The orc wizard gestures at you while chanting.
The puff of flame hits you!
You die...

# #.#.#....#
#..#.#.##.##..... #
#.#.#....# #....#.##.##.###+
#
#.#.#.)..#####.###....##)##..
##
#.#.#...........########.##..
.####.#.##..#.####.....###
#..'..
..........†.#.##.........#
####..
#.########.##.##.###.....#
#.. ..# #.....#o###.....# #..
### #######@o.'.....# #..
#####.....# #.. #.....# #..
#.....# ### #######


You could see 2 orc wizards.

Vanquished Creatures
  Natasha (twice) (D:2)
  A worm (D:2)
  3 dart slugs
  An orc (D:4)
  3 endoplasms (D:1)
  3 giant cockroaches
  6 hobgoblins
  2 quokkas
  7 ball pythons
  7 bats
  5 frilled lizards
  2 goblins (D:1)
  2 kobolds
  5 rats
49 creatures vanquished.

Notes
Turn   | Place    | Note
-------+----------+-------------------------------------------
     0 | D:1      | Crownlay the Spriggan Hunter began the quest for the Orb.
     0 | D:1      | Reached XP level 1. HP: 10/10 MP: 2/2
    28 | D:1      | Reached skill level 5 in Bows
    33 | D:1      | Reached XP level 2. HP: 15/15 MP: 3/3
   271 | D:1      | Found a faded altar of an unknown god.
   610 | D:2      | Noticed Natasha
   616 | D:2      | Killed Natasha
   617 | D:2      | Reached XP level 3. HP: 18/18 MP: 4/4
   864 | D:2      | Noticed Natasha
   871 | D:2      | Killed Natasha
   872 | D:2      | Reached XP level 4. HP: 7/23 MP: 5/5
  1276 | D:2      | Found an ancient bone altar of Kikubaaqudgha.
  1539 | D:3      | Found a stormy altar of Qazlal.
  1749 | D:3      | Identified the +6 mace of Wyrd {drain, Will+ Str+3}
  2024 | D:3      | Killed from afar by an orc wizard

Illustrated notes

Levels and vault maps discovered:
D:1:      amcnicky_arrival_underground_garden, layout_rooms,
          shapermc_ecumenical_altar_mp_highgroup
D:2:      layout_basic, basic_altar, uniq_natasha
D:3:      layout_basic, grunt_qazlal_clouds
D:4:      layout_basic, mainiacjoe_overflow_boulevard, temple_pool_b,
          portal_sewer_entry_a, serial_shops, nicolae_stop_n_shop_1,
          chequers_serial_rivers_room_a

Skill      XL: |  1  2  3 |
---------------+----------+-----
Bows           | 5 |  5.8
Stealth        | 2 3 |  3.4
Dodging        | 3 |  3.7
Fighting       | 2 |  2.2

Action                   |  1- 3 |  4- 6 || total
-------------------------+-------+-------++-------
 Fire: Shortbow          |    91 |    17 ||   108
  Use: Scroll            |       |     1 ||     1
       Potion            |       |     1 ||     1
Armor: Robe              |     2 |     1 ||     3
Dodge: Dodged            |    29 |     4 ||    33

Table legend: (Time is in decaauts)
 A = Elapsed time spent in this place.
 B = Non-inter-level travel time spent in this place.
 C = Inter-level travel time spent in this place.
 D = Time resting spent in this place.
 E = Time spent auto-exploring this place.
 F = Levels seen in this place.
 G = Mean time per level.
                   A        B        C        D        E       F      G
               +--------+--------+--------+--------+--------+-----+--------+
         Total |   1412 |   1359 |     53 |      0 |   1146 |   4 |  353.0 |
       Dungeon |   1412 |   1359 |     53 |      0 |   1146 |   4 |  353.0 |
               +--------+--------+--------+--------+--------+-----+--------+

Top non-repeatable levels by time:
     D:2: 671 daAuts
     D:1: 422 daAuts
     D:3: 313 daAuts
     D:4: 4 daAuts
